 Dungeon Crawl Stone Soup version 0.23-a0-644-gb60d84b (webtiles) character file.

46 wazuzu the Vandal (level 3, -32/34 HPs)
             Began as a Naga Hunter on Jan 1, 2019.
             Annihilated by an ogre
             ... wielding a cursed +0 giant club
              (33 damage)
             ... on level 2 of the Dungeon.
             The game lasted 00:04:23 (1980 turns).

wazuzu the Vandal (Naga Hunter)                     Turns: 1980, Time: 00:04:23

Health: -32/34     AC:  2    Str: 12 (15) XL:     3   Next: 66%
Magic:  3/3        EV:  9    Int:  9 (11) God:
Gold:   43         SH:  4    Dex:  8 (11) Spells: 2/2 levels left

rFire    . . .     SeeInvis +   m - -3 spear (curse)
rCold    . . .     Gourm    .   (no shield)
rNeg     . . .     Faith    .   c - +0 leather armour
rPois    +         Spirit   .   (no helmet)
rElec    +         Reflect  .   (no cloak)
rCorr    .         Harm     .   (no gloves)
MR       .....                  (no barding)
Stlth    ++........             (no amulet)
HPRegen  0.11/turn              (no ring)
MPRegen  0.08/turn              (no ring)

@: very slow
A: large, large bone plates 1, camouflage 1, see invisible, deformed body,
poison resistance, electricity resistance, slowness 2, slow metabolism 1, spit
poison 1, AC +1
a: Spit Poison


You were on level 2 of the Dungeon.
You were not hungry.

You visited 1 branch of the dungeon, and saw 2 of its levels.

You collected 43 gold pieces.

Inventory:

Hand Weapons
 a - a +1 hunting sling
 b - a +0 short sword
 m - a cursed -3 spear (weapon)
Missiles
 d - 18 sling bullets
 k - a stone (quivered)
Armour
 c - a +0 leather armour (worn)
Potions
 g - a potion of berserk rage {unknown}
 i - a potion of brilliance {unknown}
 l - a potion of mutation
 n - a potion of flight {unknown}
Comestibles
 f - 2 rations
 h - 2 chunks of flesh


   Skills:
 + Level 3.1 Fighting
 + Level 4.2 Slings
 - Level 1.5 Dodging
 - Level 1.5 Stealth


You had 2 spell levels left.
You didn't know any spells.
Your spell library was empty.

Dungeon Overview and Level Annotations

Branches:
Dungeon (2/15)

Altars:


Innate Abilities, Weirdness & Mutations

You cannot wear boots.
Your serpentine skin is tough. (AC +1)
You have supernaturally acute eyesight. (SInv)
Armour fits poorly on your strangely shaped body.
Your system is resistant to poisons. (rPois)
You cover ground very slowly.
You have a slow metabolism.
You can spit poison.
You are partially covered in large bone plates. (SH +4)
Your skin changes colour to match your surroundings (Stealth+).
You are resistant to electric shocks. (rElec)


Message History

Found a scroll labeled AGGAIM DUVVALY!
You skewer the rat like a kebab!
You annihilate the rat!!!
A frilled lizard and a quokka come into view!
The bat hits you but does no damage!
The ogre hits you with a cursed +0 giant club!!!!!!
DANG; * * * don't die
* * * The frilled lizard hisses angrily!
Found a scale mail!
You block the bat's attack! x2
Found a club!
The bat hits you but does no damage! x2; The quokka bites you! * * * don't die
* * * The bat hits you but does no damage!
The frilled lizard unfolds its giant frill!
The frilled lizard barely misses you! The quokka closely misses you!
You block the bat's attack!
The ogre hits you with a cursed +0 giant club!!!!!!
DANG rip

.......<.........?.............
..^.#...................g<)....
.........................g!....
#..##.......=.................
#. ##..#.###...........S..... #
##.......[...............
##.....bl................
..[......O.................
###......r@................
###............. #..........###
#..........# #.........).#
#............. #..........###
............


You could see an ogre, a quokka, a bat and a frilled lizard.

Vanquished Creatures
  An adder (D:1)
  3 dart slugs (D:1)
  2 giant cockroaches (D:1)
  2 hobgoblins (D:1)
  6 jackals (D:1)
  2 kobolds
  3 bats (D:1)
  3 goblins (D:1)
  10 rats
32 creatures vanquished.

Notes
Turn   | Place    | Note
-------+----------+-------------------------------------------
     0 | D:1      | wazuzu the Naga Hunter began the quest for the Orb.
     0 | D:1      | Reached XP level 1. HP: 19/19 MP: 1/1
   386 | D:1      | Reached XP level 2. HP: 27/27 MP: 2/2
   728 | D:1      | Reached skill level 4 in Slings
   955 | D:1      | Reached XP level 3. HP: 30/33 MP: 3/3
  1768 | D:1      | Gained mutation: You are resistant to electric shocks.
                  | (rElec) [potion of mutation]
  1768 | D:1      | Gained mutation: Your skin changes colour to match your
                  | surroundings (Stealth+). [potion of mutation]
  1768 | D:1      | Gained mutation: You are partially covered in large bone
                  | plates. (SH +4) [potion of mutation]
  1972 | D:2      | Noticed an ogre
  1978 | D:2      | HP: 1/34 [quokka (3)]
  1980 | D:2      | Annihilated by an ogre

Vault maps used:
D:1:      evilmike_arrival_hilbert_curve
D:2:      nicolae_overflow_hidden_temple, first_ration,
          chequers_ecumenical_altar_lobes

Skill      XL: |  1  2  3 |
---------------+----------+-----
Slings         | 4 |  4.2
Fighting       | 3 |  3.1
Dodging        | |  1.5
Stealth        | |  1.5

Action                   || total
-------------------------++-------
Melee: Short sword       ||    29
       Spear             ||    84
 Fire: Hunting sling     ||    19
 Abil: Spit Poison       ||     6
  Use: Scroll            ||     2
       Potion            ||     4
 Stab: Sleeping          ||     3
  Eat: Chunk             ||     2
Armor: Leather armour    ||    26
Dodge: Dodged            ||    61
Block: Other             ||     5

Table legend:
 A = Non-vault XP
 B = Vault XP
 C = Vault XP percentage of total XP
 D = Non-vault monster count
 E = Vault monster count
 F = Vault count percentage of total count
                 A         B        C        D         E       F
            +---------+---------+-------+---------+---------+-------
      Total |      66 |       0 |   0.0 |      32 |       0 |   0.0
            +---------+---------+-------+---------+---------+-------
        D:1 |      64 |       0 |   0.0 |      30 |       0 |   0.0
        D:2 |       2 |       0 |   0.0 |       2 |       0 |   0.0
            +---------+---------+-------+---------+---------+-------
